 Dungeon Crawl Stone Soup version 0.27-a0-1158-gaa87e14f67 (webtiles) character file.

Game seed: 1231812536905250412

3649 bilbop the Magician (level 10, 0/69 HPs)
             Began as a Djinni Venom Mage on May 15, 2021.
             Was a Believer of Yredelemnul.
             Slain by a hornet zombie (4 damage)
             ... on level 8 of the Dungeon on May 16, 2021.
             The game lasted 01:06:32 (11156 turns).

bilbop the Magician (Djinni Venom Mage)            Turns: 11156, Time: 01:06:32

Health: 0/69       AC:  6    Str: 13    XL:     10   Next: 33%
Gold:   374        EV: 16    Int: 19    God:    Yredelemnul [**....] SH:  0 Dex: 15

rFire    + + .     SeeInvis .   j - +1 dagger (speed)
rCold    x . .     Faith    .   (no shield)
rNeg     . . .     Spirit   .   a - +0 steam dragon scales
rPois    ∞         Reflect  .   A - +0 helmet
rElec    .         Harm     .   (no cloak)
rCorr    .         Rampage  .   (no gloves)
Will     +....                  (boots unavailable)
Stlth    +++.......             (no amulet)
HPRegen  0.21/turn              e - +4 ring of evasion
MPRegen  0.00/turn              y - +6 ring of strength

@: about to teleport, flying
A: sickness immunity, fire resistance 2, cold vulnerability 1, float, innate
caster, hp casting, extra vitality 1
a: Renounce Religion, Animate Remains, Recall Undead Slaves, Injury Mirror


You were on level 8 of the Dungeon.
You worshipped Yredelemnul.
Yredelemnul was pleased with you.
You visited 2 branches of the dungeon, and saw 9 of its levels.
You also visited: Ossuary.

You collected 374 gold pieces.

Inventory:

Hand Weapons
 f - a +0 dagger
 j - a +1 dagger of speed (weapon)
 o - a +0 spectral quarterstaff
 x - a +0 hunting sling
Missiles
 c - 252 stones
 i - 61 sling bullets
Armour
 a - +0 steam dragon scales (worn)
 k - a +0 leather armour
 A - a +0 helmet (worn)
Jewellery
 e - a +4 ring of evasion (left hand)
 y - a +6 ring of strength (right hand)
Wands
 n - a wand of polymorph (6)
 q - a wand of paralysis (11)
 t - a wand of flame (19)
 z - a wand of mindburst (8)
Scrolls
 b - a scroll of identify
 d - 2 scrolls of enchant armour
 g - 3 scrolls of fog
 m - a scroll of acquirement {unknown}
 G - a scroll of blinking {unknown}
Potions
 h - a potion of berserk rage {unknown}
 p - 7 potions of curing
 r - a potion of flight {unknown}
 s - 2 potions of magic {unknown}
 u - 2 potions of heal wounds
 w - a potion of resistance {unknown}
 B - a potion of brilliance {unknown}
 C - 2 potions of haste {unknown}
 D - 2 potions of invisibility {unknown}
 E - a potion of might {unknown}
 F - 2 potions of degeneration {unknown}


   Skills:
 + Level 4.9 Fighting
 + Level 4.3 Short Blades
 + Level 3.2 Slings
 - Level 2.1 Dodging
 + Level 4.9 Stealth
 + Level 4.8 Shields
 * Level 6.2 Spellcasting
 + Level 4.8 Invocations


You couldn't memorise any spells.
You knew the following spells:

 Your Spells              Type           Power      Damage    Failure   Level
a - Sting                 Tmut/Pois      100%       1d8       1%          1
b - Poisonous Vapours     Pois/Air       58%        N/A       1%          2
c - Mephitic Cloud        Conj/Pois/Air  29%        N/A       2%          3
d - Ignite Poison         Fire/Tmut/Pois 29%        N/A       2%          3
e - Olgreb's Toxic Radia  Pois           29%        N/A       9%          4
f - Freeze                Ice            100%       1d11      1%          1
g - Ensorcelled Hibernat  Hex/Ice        58%        N/A       1%          2
h - Call Imp              Summ           29%        N/A       1%          2
i - Summon Ice Beast      Ice/Summ       29%        N/A       9%          4
Your spell library was empty.

Dungeon Overview and Level Annotations

Branches:
Dungeon (8/15)             Temple (1/1) D:4            Lair (0/6) D:8
Ossuary (visited)

Altars:
Ashenzari
Cheibriados
Dithmenos
Elyvilon
Fedhas
Gozag
Hepliaklqana
Kikubaaqudgha
Makhleb
Nemelex Xobeh
Okawaru
Qazlal
Ru
Sif Muna
Trog
Uskayaw
Vehumet
Wu Jian
Yredelemnul
Zin
The Shining One

Annotations:
D:3 1 runed translucent door, Crazy Yiuf


Innate Abilities, Weirdness & Mutations

You are immune to sickness and miasma.
You are immune to poison.
Your flesh is very heat resistant. (rF++)
You are vulnerable to cold. (rC-)
You float through the air rather than walking.
You learn spells naturally, not from books.
Your magical power is your life essence.
You have superior vitality. (+4 HP)


Message History

Confirm with . or Enter, or press ? or * to list all spells.
Aiming: Freeze (safe; 1% risk of failure)
Press: ? - help, Shift-Dir - straight line, f/p - hornet zombie
Aim: a hornet zombie (moderately damaged, ally target)
You freeze the hornet zombie.
The hornet zombie resists.
The hornet zombie is moderately damaged.
* * * LOW HITPOINT WARNING * * *
The hornet zombie hits you.
* * * LOW HITPOINT WARNING * * *
Your crimson imp blinks!
Your ice beast hits the hornet zombie.
Your ice beast freezes the hornet zombie.
The hornet zombie resists.
Your crimson imp closely misses the hornet zombie.
The hornet zombie misses you.
As you read the scroll of teleportation, it crumbles to dust.
You feel strangely unstable.
Your ice beast hits the hornet zombie.
Your ice beast freezes the hornet zombie.
The hornet zombie resists.
The hornet zombie barely misses you.
Your crimson imp barely misses the hornet zombie.
You barely miss the hornet zombie.
The hornet zombie is heavily damaged.
The hornet zombie misses you.
You hit the hornet zombie but do no damage.
The hornet zombie is heavily damaged.
Your ice beast hits the hornet zombie.
Your ice beast freezes the hornet zombie.
The hornet zombie resists.
Your crimson imp hits the hornet zombie but does no damage.
You hit the hornet zombie but do no damage.
The hornet zombie is heavily damaged.
The hornet zombie hits you!
* * * LOW HITPOINT WARNING * * *
You barely miss the hornet zombie.
The hornet zombie is heavily damaged.
Your ice beast barely misses the hornet zombie.
Your crimson imp completely misses the hornet zombie.
The hornet zombie hits you.
You die...
Your body rises from the dead as a mindless zombie.

..'.##...............#.
..#.##...........#####.
###..............# #.
#................#####.
+......................
#.......#####....##)..#
##................##)).#
...................##...#
.......5@..........##..).
......#..ZY....... ##)..
......#.5.5..#...# #...
.....#......###.# #...
......).....# #... #...
#.....###...)... ....#...
...... ##'###.......####
...... .≈§ .........#
..... §≈≈# ........#


You could see a hornet zombie (ally target), a friendly ice beast (summoned) and
3 friendly crimson imps.

Vanquished Creatures
  Pikel (D:6)
  A hornet (D:7)
  Sigmund (D:3)
  A wyvern (D:7)
  A steam dragon (D:7)
  Menkaure (D:6)
  An ice beast (D:5)
  3 orc warriors
  A sky beast (D:7)
  An ogre (D:6)
  A centaur (D:8)
  A bullfrog (D:8)
  Blork the orc (D:4)
  2 scorpions
  4 killer bees (D:7)
  8 wights
  2 centaur zombies
  A hound (D:4)
  4 orc priests
  2 centaur skeletons (D:5)
  2 jellies
  Natasha (thrice) (D:2)
  4 iguanas
  4 orc wizards
  8 adders
  3 gnolls (D:3)
  A shadow imp (D:7)
  An ufetubus (D:5)
  A worm (D:2)
  A dart slug (D:2)
  17 orcs
  6 ball pythons
  6 bats
  2 endoplasms (D:1)
  7 giant cockroaches
  9 goblins
  9 hobgoblins
  8 jackals
  5 kobolds
  4 quokkas
  5 frilled lizards
  A kobold zombie (Ossuary)
  A rat zombie (D:6)
  A wyvern zombie (D:7)
147 creatures vanquished.

Vanquished Creatures (collateral kills)
  An ice beast (D:7)
  A wyvern zombie (D:7)
  5 water moccasin zombies (Ossuary)
  A water moccasin skeleton (D:5)
  A killer bee (D:7)
  An iguana (D:7)
  A killer bee zombie (D:7)
  A hound skeleton (D:4)
  2 mummies (Ossuary)
  A shadow imp (D:7)
  A white imp (D:7)
  An adder skeleton (D:4)
  3 adder zombies (Ossuary)
  2 orcs (D:7)
  A goblin zombie (D:6)
  4 hobgoblin zombies (Ossuary)
  8 kobold zombies (Ossuary)
  6 orc zombies (Ossuary)
41 creatures vanquished.

Vanquished Creatures (others)
  A hornet zombie (D:7)
  4 orc zombies
  2 fungi (D:6)
7 creatures vanquished.

Grand Total: 195 creatures vanquished

Notes
Turn   | Place    | Note
-------+----------+-------------------------------------------
     0 | D:1      | bilbop the Djinni Venom Mage began the quest for the Orb.
     0 | D:1      | Reached XP level 1. HP: 15/15 MP: 0/0
   259 | D:1      | Reached XP level 2. HP: 13/21 MP: 0/0
   716 | D:1      | Reached XP level 3. HP: 18/26 MP: 0/0
   716 | D:1      | Learned a level 1 spell: Freeze
   874 | D:1      | Found a faded altar of an unknown god.
  1503 | D:2      | Reached XP level 4. HP: 14/31 MP: 0/0
  1774 | D:2      | Noticed Natasha
  1784 | D:2      | Killed Natasha
  1785 | D:2      | Reached skill level 1 in Fighting
  1785 | D:2      | Reached skill level 1 in Short Blades
  1785 | D:2      | Reached skill level 1 in Shields
  1785 | D:2      | Reached skill level 3 in Spellcasting
  1785 | D:2      | Reached skill level 1 in Invocations
  1914 | D:2      | Noticed Natasha
  1917 | D:2      | Killed Natasha
  1918 | D:2      | Reached XP level 5. HP: 25/37 MP: 0/0
  1918 | D:2      | Learned a level 2 spell: Ensorcelled Hibernation
  2280 | D:2      | Noticed Natasha
  2282 | D:2      | Killed Natasha
  3319 | D:3      | Noticed Sigmund
  3331 | D:3      | Killed Sigmund
  3332 | D:3      | Reached XP level 6. HP: 22/43 MP: 0/0
  3745 | D:3      | Reached XP level 7. HP: 42/49 MP: 0/0
  3745 | D:3      | Learned a level 2 spell: Call Imp
  4164 | D:3      | Found a hazy altar of Hepliaklqana.
  4183 | D:3      | Found a runed translucent door.
  4184 | D:3      | Noticed Crazy Yiuf
  4805 | D:4      | Noticed Blork the orc
  4811 | D:4      | Killed Blork the orc
  4812 | D:4      | Reached skill level 4 in Spellcasting
  5102 | D:4      | Found a staircase to the Ecumenical Temple.
  5111 | Temple   | Entered the Ecumenical Temple
  5136 | Temple   | Became a worshipper of Yredelemnul the Dark
  5799 | D:5      | Entered Level 5 of the Dungeon
  6164 | D:5      | Reached XP level 8. HP: 53/55 MP: 0/0
  6436 | D:5      | Reached skill level 1 in Slings
  6905 | D:6      | Found a sand-covered staircase.
  6923 | Ossuary  | Entered an ossuary
  7254 | Ossuary  | Reached * piety under Yredelemnul
  7997 | D:6      | Reached XP level 9. HP: 54/61 MP: 0/0
  7997 | D:6      | Learned a level 4 spell: Summon Ice Beast
  8068 | D:6      | Noticed Pikel
  8080 | D:6      | Killed Pikel
  8081 | D:6      | Reached skill level 5 in Spellcasting
  8610 | D:6      | Noticed Menkaure
  8614 | D:6      | Killed Menkaure
  8689 | D:6      | Found a shadowy altar of Dithmenos.
  8689 | D:6      | Found a faded altar of an unknown god.
  8697 | D:6      | Found a sacrificial altar of Ru.
  8699 | D:6      | Found a glowing golden altar of the Shining One.
  8701 | D:6      | Found a faded altar of an unknown god.
  9360 | D:7      | Reached ** piety under Yredelemnul
  9583 | D:7      | Noticed a hornet
  9591 | D:7      | HP: 1/63 [hornet (16)]
  9592 | D:7      | Killed a hornet
  9593 | D:7      | Reached XP level 10. HP: 31/69 MP: 0/0
 10279 | D:7      | Reached skill level 6 in Spellcasting
 10593 | D:8      | Found a glowing silver altar of Zin.
 10999 | D:8      | Found a staircase to the Lair.
 11114 | D:8      | Found a blossoming altar of Fedhas.
 11156 | D:8      | Slain by a hornet zombie

Illustrated notes

Levels and vault maps discovered:
D:1:      dpeg_arrival_snail, layout_loops_ring, basic_ecumenical_altar
D:2:      layout_loops_ring, minmay_pentomino_r4, uniq_natasha
D:3:      layout_basic, worldfamousw_hep_ancestral_shrine, grunt_ministairs_14,
          serial_bayou_lagoon_b, uniq_crazy_yiuf_cottage, uniq_sigmund
D:4:      layout_cave_pools, minmay_temple_entry_proselytizer,
          serial_co_window_serial, co_window_corner_a,
          co_window_of_opportunity_a, co_window_of_opportunity_a,
          co_window_paths_a, co_window_corner_a, co_window_unsneaky_path_e,
          co_window_corner_b, co_window_2corner, co_window_2corner,
          co_window_broadway_c, co_window_4corner_a, uniq_blork_the_orc
D:5:      layout_loops_ring
D:6:      layout_basic, chequers_temple_overflow_minitemple, enter_ossuary_4,
          serial_aquarium, aquarium_bridge_square [aquarium_subvault_window,
          aquarium_subvault_wall, aquarium_subvault_bridge,
          aquarium_subvault_bridge], aquarium_window_2, aquarium_window_3,
          aquarium_view_2e, aquarium_pool_corner, kennysheep_nub, uniq_menkaure,
          uniq_pikel
D:7:      layout_cave_pools, serial_park_tiny_2, grunt_ministairs_5
D:8:      layout_basic, kennysheep_little_box, overflow_temple_1_default,
          lair_entry_dummy
Temple:   minmay_freezing_vapour_temple

Skill      XL: |  1  2  3  4  5  6  7  8  9 10 |
---------------+-------------------------------+-----
Stealth        | 2 3 4 |  4.9
Fighting       | 1 2 3 4 |  4.9
Short Blades   | 1 2 3 4 |  4.3
Shields        | 1 2 3 4 |  4.8
Spellcasting   | 3 4 5 6 |  6.2
Invocations    | 1 2 3 4 |  4.8
Slings         | 1 2 3 |  3.2
Dodging        | |  2.1

Action                   |  1- 3 |  4- 6 |  7- 9 | 10-12 || total
-------------------------+-------+-------+-------+-------++-------
Melee: Unarmed           |     1 |       |       |       ||     1
       Dagger            |    20 |    26 |    82 |    18 ||   146
 Cast: Sting             |    55 |    21 |    38 |     8 ||   122
       Freeze            |     2 |     7 |       |     1 ||    10
       Poisonous Vapours |       |    21 |    23 |    11 ||    55
       Ensorcelled Hiber |       |    20 |    32 |     6 ||    58
       Call Imp          |       |       |    71 |     8 ||    79
       Ignite Poison     |       |       |    19 |    13 ||    32
       Mephitic Cloud    |       |       |     4 |     8 ||    12
       Summon Ice Beast  |       |       |     3 |     2 ||     5
       Olgreb's Toxic Ra |       |       |     2 |     1 ||     3
Invok: Animate Remains   |       |       |     6 |    11 ||    17
  Use: Scroll            |       |       |     8 |     1 ||     9
       Potion            |       |       |     1 |       ||     1
 Stab: Sleeping          |       |    15 |    25 |     5 ||    45
       Distracted        |       |       |     2 |       ||     2
Armor: Robe              |     7 |       |       |       ||     7
       Leather armour    |       |     2 |    21 |       ||    23
       Steam dragon scal |       |       |       |     2 ||     2
Dodge: Dodged            |    40 |    26 |    82 |    20 ||   168

Table legend: (Time is in decaauts)
 A = Elapsed time spent in this place.
 B = Non-inter-level travel time spent in this place.
 C = Inter-level travel time spent in this place.
 D = Time resting spent in this place.
 E = Time spent auto-exploring this place.
 F = Levels seen in this place.
 G = Mean time per level.
                   A        B        C        D        E       F      G
               +--------+--------+--------+--------+--------+-----+--------+
         Total |  11107 |  10855 |    252 |   3757 |   5704 |  10 | 1110.7 |
       Dungeon |  10581 |  10333 |    248 |   3564 |   5704 |   8 | 1322.6 |
        Temple |     30 |     26 |      4 |      0 |      0 |   1 |   30.0 |
       Ossuary |    495 |    495 |      0 |    193 |      0 |   1 |  495.0 |
               +--------+--------+--------+--------+--------+-----+--------+

Top non-repeatable levels by time:
     D:2: 1842 daAuts
     D:7: 1628 daAuts
     D:1: 1415 daAuts
     D:4: 1374 daAuts
     D:5: 1343 daAuts
     D:6: 1263 daAuts
     D:3: 1119 daAuts
     D:8: 595 daAuts
 Ossuary: 495 daAuts
  Temple: 30 daAuts
